 Dungeon Crawl Stone Soup version 0.18.1-6-gd335043 (webtiles) character file.

69 shmeve the Covered (level 4, 0/42 HPs)
             Began as a Deep Dwarf Fighter on May 16, 2016.
             Succumbed to Sigmund's poison
             ... on level 2 of the Dungeon.
             The game lasted 00:04:31 (964 turns).

shmeve the Covered (Deep Dwarf Fighter)              Turns: 964, Time: 00:04:32

Health: 0/42       AC:  7    Str: 21    XL:     4   Next: 2%
Magic:  4/4        EV:  7    Int:  8    God:
Gold:   39         SH:  9    Dex: 12    Spells: 0 memorised, 3 levels left

rFire  . . .     SeeInvis .     a - +0 war axe
rCold  . . .     Gourm    .     b - +0 scale mail
rNeg   . . .     Faith    .     c - +0 shield
rPois  .         Spirit   .     (no helmet)
rElec  .         Dismiss  .     (no cloak)
rCorr  .         Reflect  .     g - +0 pair of gloves
SustAt .         Harm     .     (no boots)
MR     .....                    (no amulet)
Stlth  ..........               (no ring)
                                (no ring)

@: lethally poisoned (0 -> -4), non-regenerating, drained, not resistant to
hostile enchantments, extremely unstealthy
A: damage resistance, recharge devices, sense surroundings 1, slow regeneration
3
a: Device Recharging


You were on level 2 of the Dungeon.
You were not hungry.

You visited 1 branch of the dungeon, and saw 2 of its levels.

You collected 39 gold pieces.

Inventory:

Hand Weapons
 a - a +0 war axe (weapon)
Armour
 b - a +0 scale mail (worn)
 c - a +0 shield (worn)
 g - a +0 pair of gloves (worn)
Wands
 e - a wand of heal wounds (5/9)
 o - a wand of flame (25/48)
Scrolls
 i - 3 scrolls of identify {unknown}
 l - a scroll of remove curse {unknown}
 p - a scroll of fear {unknown}
Potions
 d - a potion of might
 h - a potion of ambrosia {unknown}
 j - 2 potions of degeneration {unknown}
 k - a potion of curing {unknown}
 m - a potion of invisibility {unknown}
 n - a potion of brilliance {unknown}
Comestibles
 f - 2 bread rations


   Skills:
 * Level 3.3(2.5) Fighting
 * Level 2.8(2.0) Axes
 + Level 3.8(3.0) Armour
 + Level 0.9(0.2) Dodging
 * Level 3.6(2.8) Shields
 + Level 1.1(0.4) Evocations


You had 3 spell levels left.
You didn't know any spells.

Dungeon Overview and Level Annotations

Branches:
Dungeon (2/15)

Altars:

Annotations:
D:2 Sigmund


Innate Abilities, Weirdness & Mutations

You are resistant to damage.
You can recharge devices by infusing magical energy.
You passively map a small area around you.
You do not regenerate naturally.


Message History

You hear some strange, mumbled words.
A magic dart appears from out of thin air!
The magic dart hits you!
You miss something.
Your shield and scale mail prevent you from hitting the giant gecko.
The giant gecko closely misses you. Something completely misses you.
The giant gecko bites you.
You barely miss something. You hit the giant gecko.
You kill the giant gecko!
You have reached level 4!
You feel stronger. You block something's attack.
You closely miss something. Something hits you!
* * * LOW HITPOINT WARNING * * *
You are more poisoned.
You closely miss something. Something hits you.
* * * LOW HITPOINT WARNING * * *
You are lethally poisoned!
You barely miss something.
You die...

*, ,, ... ##. * * *
**#.# ..## #.###..#
##### ######......###
,.....
#.......##....########
#.......##.##...###
#.......##..#.#...
#.......###.#..##.
#....@†.# #....# ###
#....{..# ####.## ..#
#........# #..### ..
#...........###...####
#.......###...........
#<......# ####.##.....
####.#### #........
*#. ..>..##### ##### #


There were no monsters in sight!

Vanquished Creatures
  Robin (D:2)
  An ooze (D:1)
  A dart slug (D:1)
  A giant gecko (D:2)
  4 bats (D:1)
  A giant cockroach (D:1)
  17 goblins
  6 hobgoblins
  3 jackals (D:2)
  A kobold (D:1)
  2 quokkas
  A ball python (D:1)
  4 rats (D:1)
43 creatures vanquished.

Notes
Turn   | Place    | Note
--------------------------------------------------------------
     0 | D:1      | shmeve the Deep Dwarf Fighter began the quest for the Orb.
     0 | D:1      | Reached XP level 1. HP: 20/20 MP: 1/1
   112 | D:1      | Reached XP level 2. HP: 27/27 MP: 2/2
   158 | D:1      | Reached skill level 1 in Evocations
   411 | D:1      | Reached XP level 3. HP: 31/34 MP: 3/3
   908 | D:2      | Noticed Robin
   921 | D:2      | Killed Robin
   953 | D:2      | Noticed Sigmund
   961 | D:2      | Reached XP level 4. HP: 14/42 MP: 4/4
   964 | D:2      | Succumbed to Sigmund's poison

Skill      XL: |  1  2 |
---------------+-------+-----
Evocations     | 1 |  1.1
Fighting       | 3 |  3.3
Axes           | |  2.8
Armour         | |  3.8
Dodging        | |  0.9
Shields        | |  3.6

Action                   |  1- 3 |  4- 6 || total
-------------------------+-------+-------++-------
Melee: War axe           |    99 |     3 ||   102
Evoke: Wand              |     1 |       ||     1
Armor: Scale mail        |    76 |       ||    76
Dodge: Dodged            |    51 |       ||    51
Block: Shield            |    69 |     1 ||    70
